[Event "Titled Tuesday Blitz October 31 Early 2023"]
[White "Toropov, Pavel"]
[Black "Sattarov, Bobir"]
[WhiteFideId "24129178"]
[BlackFideId "14203081"]
[WhiteElo "2556"]
[BlackElo "2809"]
[Result "0-1"]
[Round "6"]
[TimeControl "180+1"]
[Date "2023.10.31"]
[WhiteClock "0:00:00"]
[BlackClock "0:00:23"]
[Board "34"]

1. e4 e5 2. Nf3 Nc6 3. d4 exd4 4. Nxd4 Nf6 5. Nc3 d6 6. Bc4 Be7 7. O-O O-O 8. Re1 Bd7 9. Nf5 Bxf5 10. exf5 Re8 11. Bg5 h6 12. Bf4 Na5 13. Bb5 c6 14. Bf1 d5 15. Qd3 Nc4 16. b3 Nd6 17. Rad1 Qd7 18. Bxd6 Bxd6 19. g3 b5 20. a4 b4 21. Ne2 Bc5 22. Bg2 Qe7 23. Kf1 Ng4 24. Nd4 Qf6 25. Rxe8+ Rxe8 26. h3 Ne5 27. Qd2 Nd7 28. Nf3 Qxf5 29. g4 Qf6 30. Nd4 Nf8 31. Nf5 Ng6 32. Ng3 Nh4 33. Nh5 Qe5 34. c3 Qh2 0-1


[Site "https://www.chess.com"]

[Event "Titled Tuesday Blitz October 31 Early 2023"]
[White "Goltseva, Ekaterina"]
[Black "Javakhadze, Zurab"]
[WhiteFideId "24173770"]
[BlackFideId "13603647"]
[WhiteElo "2541"]
[BlackElo "2796"]
[Result "0-1"]
[Round "6"]
[TimeControl "180+1"]
[Date "2023.10.31"]
[WhiteClock "0:00:10"]
[BlackClock "0:00:12"]
[Board "35"]

1. d4 Nf6 2. c4 e6 3. Nc3 d5 4. Nf3 Nbd7 5. cxd5 exd5 6. Bf4 c6 7. e3 Be7 8. h3 O-O 9. Bd3 Re8 10. O-O Nf8 11. Ne5 Bd6 12. Bh2 a6 13. Qc2 c5 14. a4 c4 15. Be2 Ng6 16. f4 Rb8 17. Bf3 Nh4 18. g4 Nxf3+ 19. Rxf3 Bc7 20. Rd1 Qd6 21. f5 b5 22. axb5 axb5 23. g5 Ne4 24. Nxe4 dxe4 25. Rf2 Qd5 26. Kh1 f6 27. gxf6 gxf6 28. Rg2+ Kh8 29. Ng4 Bxh2 30. Nxf6 Qxf5 31. Nxe8 Qxh3 32. Rxh2 Qf3+ 33. Rg2 Bh3 34. Kh2 Bxg2 35. Qxg2 Qxg2+ 36. Kxg2 Rxe8 37. d5 Rd8 38. d6 Kg7 39. Rd4 Kf6 40. Rxe4 Rxd6 41. Rf4+ Ke5 42. Rf2 Ke4 43. Rf8 Rd2+ 44. Kg3 Rxb2 45. Rf7 Kxe3 46. Rxh7 c3 47. Re7+ Kd2 48. Rd7+ Kc1 49. Rc7 c2 50. Kf3 Kb1 51. Ke3 c1=Q+ 52. Rxc1+ Kxc1 53. Kd3 b4 54. Kc4 b3 55. Kc3 Kb1 56. Kb4 Ka2 57. Ka4 Rc2 58. Kb4 b2 59. Ka4 b1=Q 60. Ka5 Rc3 61. Ka6 Ra3# 0-1


[Site "https://www.chess.com"]

[Event "Titled Tuesday Blitz October 31 Early 2023"]
[White "Hambleton, Aman"]
[Black "Shubenkova, Veronika"]
[WhiteFideId "2606577"]
[BlackFideId "44124040"]
[WhiteElo "2794"]
[BlackElo "2546"]
[Result "1-0"]
[Round "6"]
[TimeControl "180+1"]
[Date "2023.10.31"]
[WhiteClock "0:00:03"]
[BlackClock "0:00:00"]
[Board "36"]

1. d4 d5 2. Bf4 e6 3. e3 Bd6 4. Nf3 Nf6 5. Nbd2 O-O 6. Bd3 Nbd7 7. O-O Re8 8. Ne5 Nf8 9. c3 N6d7 10. Qh5 Nxe5 11. dxe5 Be7 12. Nf3 c6 13. Rad1 Bd7 14. e4 Ng6 15. Bg5 Bxg5 16. Nxg5 h6 17. Nf3 Nf4 18. Qg4 Nxd3 19. Rxd3 Qe7 20. Re1 Rad8 21. h4 Rf8 22. b4 Bc8 23. Nd4 f6 24. exf6 Qxf6 25. Rf3 Qe5 26. Ree3 Rxf3 27. Nxf3 Qc7 28. e5 c5 29. bxc5 Qxc5 30. Nd4 Qb6 31. Rg3 Rd7 32. Kh2 Rf7 33. h5 Qc7 34. f4 Qe7 35. Rf3 a5 36. Kh3 a4 37. Qh4 Qxh4+ 38. Kxh4 Kh7 39. g4 g6 40. hxg6+ Kxg6 41. Rf2 Rc7 42. f5+ exf5 43. gxf5+ Kf7 44. Rf3 Rc4 45. a3 b5 46. Kh5 b4 47. axb4 a3 48. Nb5 a2 49. Nd6+ Kf8 50. Rf1 Rxc3 51. Ra1 Rh3+ 52. Kg4 Rc3 53. Rxa2 d4 54. Ra8 d3 55. Kf3 d2+ 56. Ke2 Rc2 57. Rxc8+ 1-0


[Site "https://www.chess.com"]

[Event "Titled Tuesday Blitz October 31 Early 2023"]
[White "El_Matador12"]
[Black "Danielyan, Vahe"]
[BlackFideId "13304828"]
[WhiteElo "2540"]
[BlackElo "2751"]
[Result "0-1"]
[Round "6"]
[TimeControl "180+1"]
[Date "2023.10.31"]
[WhiteClock "0:00:16"]
[BlackClock "0:00:31"]
[Board "37"]

1. d4 Nf6 2. Bg5 g6 3. Bxf6 exf6 4. e3 f5 5. g3 h5 6. h4 d6 7. Bg2 Nd7 8. Ne2 Nf6 9. c4 Bh6 10. Nbc3 Ng4 11. Qd3 O-O 12. Nf4 Re8 13. O-O Bxf4 14. exf4 c6 15. Rfe1 Bd7 16. b4 Qf6 17. c5 d5 18. f3 Nh6 19. Re5 Qg7 20. Rae1 f6 21. Rxe8+ Rxe8 22. Rxe8+ Bxe8 23. Qe2 Qd7 24. a4 Nf7 25. b5 Nd8 26. Bf1 Ne6 27. Qe3 Kg7 28. a5 Nxc5 29. bxc6 bxc6 30. dxc5 d4 31. Qd2 dxc3 32. Qxc3 Bf7 33. Kf2 Qd1 34. Be2 Qh1 35. Bf1 Bd5 36. Qe3 Kf7 37. Qe1 Qxf3+ 38. Kg1 Qh1+ 39. Kf2 Qh2+ 40. Ke3 Qc2 41. Qb4 Ke6 42. a6 Qd1 43. Be2 Qg1+ 44. Kd2 Qxg3 45. Qb8 Bb3 46. Qd6+ Kf7 47. Qc7+ Kg8 48. Qb8+ Kg7 49. Qxa7+ Bf7 50. Qb8 Qa3 51. a7 Qa2+ 52. Ke1 Qa1+ 53. Kf2 Qd4+ 54. Kf1 Qa1+ 55. Kf2 Qd4+ 56. Ke1 Qa1+ 57. Bd1 Qc3+ 58. Kf2 Qxc5+ 59. Ke1 Qe3+ 60. Be2 Bc4 61. Qb7+ Kh6 62. Qb2 Qg1+ 63. Kd2 Qxa7 64. Bxc4 Qf2+ 65. Kd3 Qxb2 0-1


[Site "https://www.chess.com"]

[Event "Titled Tuesday Blitz October 31 Early 2023"]
[White "Csonka, Balazs"]
[Black "Tologon tegin, Semetei"]
[WhiteFideId "742910"]
[BlackFideId "13800574"]
[WhiteElo "2726"]
[BlackElo "2537"]
[Result "1-0"]
[Round "6"]
[TimeControl "180+1"]
[Date "2023.10.31"]
[WhiteClock "0:00:31"]
[BlackClock "0:01:28"]
[Board "38"]

1. Nf3 Nc6 2. e4 d5 3. exd5 Qxd5 4. Nc3 Qh5 5. Be2 e5 6. O-O Nf6 7. d4 exd4 8. Nxd4 Bg4 9. Nxc6 bxc6 10. Bxg4 Qxg4 11. Re1+ Be7 12. Qxg4 Nxg4 13. Bf4 Kd7 14. h3 Nf6 15. Bxc7 Rhe8 16. Be5 Bb4 17. Rad1+ Kc8 18. Bxf6 Rxe1+ 19. Rxe1 g6 20. Re8+ 1-0


[Site "https://www.chess.com"]

[Event "Titled Tuesday Blitz October 31 Early 2023"]
[White "Szpar, Milosz"]
[Black "Shapiro, Viktor"]
[WhiteFideId "1184989"]
[BlackFideId "4175700"]
[WhiteElo "2720"]
[BlackElo "2514"]
[Result "0-1"]
[Round "6"]
[TimeControl "180+1"]
[Date "2023.10.31"]
[WhiteClock "0:00:00"]
[BlackClock "0:00:02"]
[Board "39"]

1. Nf3 Nf6 2. c4 c5 3. Nc3 Nc6 4. e3 g6 5. d4 Bg7 6. d5 Na5 7. Rb1 O-O 8. a3 b6 9. b4 Nb7 10. Be2 d6 11. O-O Bf5 12. Rb3 cxb4 13. axb4 a5 14. Nd4 axb4 15. Rxb4 Nc5 16. Nc6 Qd7 17. Rxb6 Nfe4 18. Nxe4 Nxe4 19. Bb2 Bxb2 20. Rxb2 e5 21. Qc1 Nc5 22. f3 Bd3 23. Qd2 Ra3 24. e4 Rfa8 25. Bxd3 Rxd3 26. Qh6 Rda3 27. Rfb1 Ra1 28. Rb8+ Rxb8 29. Rxa1 Re8 30. Ra7 Nb7 31. Qd2 Qc8 32. Qb4 Nc5 33. Ne7+ Rxe7 34. Rxe7 Qa8 35. Qb2 Kf8 36. Rc7 Qa5 37. Rc8+ Kg7 38. h3 Qe1+ 39. Kh2 Nd3 40. Qb8 Nf4 41. Rg8+ Kh6 42. Qf8+ Kg5 43. Qxf7 Qf2 44. Qf5+ Kh6 45. Qg4 Ne2 46. Qg3 Qxg3+ 0-1


[Site "https://www.chess.com"]

[Event "Titled Tuesday Blitz October 31 Early 2023"]
[White "Ovetchkin, Roman"]
[Black "Santos Flores, Alberto"]
[WhiteFideId "4119991"]
[BlackFideId "3601234"]
[WhiteElo "2699"]
[BlackElo "2458"]
[Result "1/2-1/2"]
[Round "6"]
[TimeControl "180+1"]
[Date "2023.10.31"]
[WhiteClock "0:00:19"]
[BlackClock "0:00:12"]
[Board "40"]

1. d4 d5 2. c4 c6 3. Nf3 Nf6 4. Qc2 g6 5. Bf4 Bf5 6. Qb3 Qb6 7. e3 Nbd7 8. Nc3 Bg7 9. h3 O-O 10. Be2 Ne4 11. O-O Qxb3 12. axb3 Nxc3 13. bxc3 a6 14. cxd5 cxd5 15. Ra5 Rfc8 16. c4 Bc2 17. cxd5 Bxb3 18. Rb1 b6 19. Rxa6 Bxd5 20. Rxa8 Rxa8 21. Bb5 Nf6 22. Ne5 Ra2 23. Bc6 Bxc6 24. Nxc6 Nd5 25. Bg3 Rc2 26. Nb4 Nxb4 27. Rxb4 Rc6 28. d5 Rc1+ 29. Kh2 Rd1 30. e4 Bd4 31. Ra4 f6 32. h4 Kf7 33. Ra7 Bc5 34. Rb7 f5 35. f3 Bg1+ 36. Kh3 Be3 37. Bd6 Rh1+ 38. Kg3 f4+ 39. Bxf4 Bxf4+ 40. Kxf4 Rxh4+ 41. Ke5 Rh5+ 42. Kd4 Rh2 43. g4 Ke8 44. Rxb6 Kd7 45. Rb7+ Kd8 46. e5 Rf2 47. Ke3 Rf1 48. d6 exd6 49. exd6 h5 50. g5 Rd1 51. Ke4 Rxd6 52. Ke5 Ra6 53. Rf7 Ke8 54. Rh7 Kf8 55. f4 Kg8 56. Rb7 Rc6 57. Rb8+ Kg7 58. Rb7+ Kg8 59. Rb5 Ra6 60. f5 gxf5 61. Kxf5 h4 62. Rb8+ Kg7 63. Rb7+ Kg8 64. Rb4 h3 65. Rh4 Kg7 66. Rxh3 Ra5+ 67. Kg4 Ra4+ 68. Kh5 Ra6 69. Rc3 Rb6 70. Rc7+ Kg8 71. g6 Rb1 72. Rc8+ Kg7 73. Rc7+ Kg8 74. Rc8+ Kg7 75. Rc7+ Kg8 1/2-1/2


[Site "https://www.chess.com"]

[Event "Titled Tuesday Blitz October 31 Early 2023"]
[White "Ronka, Erik"]
[Black "Paravyan, David"]
[WhiteFideId "505080"]
[BlackFideId "4194985"]
[WhiteElo "2533"]
[BlackElo "3065"]
[Result "0-1"]
[Round "6"]
[TimeControl "180+1"]
[Date "2023.10.31"]
[WhiteClock "0:00:05"]
[BlackClock "0:01:48"]
[Board "41"]

1. e4 e5 2. Nf3 Nf6 3. Nxe5 d6 4. Nf3 Nxe4 5. d4 d5 6. Bd3 Bd6 7. O-O O-O 8. c4 c6 9. Re1 Bf5 10. Qb3 Qd7 11. Nc3 Nxc3 12. Bxf5 Qxf5 13. Qxb7 Qd7 14. Qxd7 Nxd7 15. c5 Bxh2+ 16. Nxh2 Ne4 17. Bf4 Rfe8 18. f3 Nef6 19. Kf2 Nf8 20. Rxe8 Nxe8 21. Ke3 Ne6 22. Bg3 f5 23. Be5 Kf7 24. Nf1 Nf6 25. b4 Nd7 26. Bd6 a6 27. Kd3 f4 28. Nd2 a5 29. Rb1 axb4 30. Rxb4 Rxa2 31. Rb7 Ke8 32. Nb3 g5 33. Kc3 h5 34. Kb4 Rb2 35. Ka3 Rxg2 36. Na5 Nxd4 37. Rc7 Nb5+ 0-1


[Site "https://www.chess.com"]

[Event "Titled Tuesday Blitz October 31 Early 2023"]
[White "Karamsetty, Jeevan"]
[Black "Zhigalko, Sergei"]
[WhiteFideId "2025337"]
[BlackFideId "13502956"]
[WhiteElo "2618"]
[BlackElo "2946"]
[Result "0-1"]
[Round "6"]
[TimeControl "180+1"]
[Date "2023.10.31"]
[WhiteClock "0:00:17"]
[BlackClock "0:00:22"]
[Board "42"]

1. e4 c5 2. Nc3 Nc6 3. Bb5 Nd4 4. Bc4 e6 5. Nge2 Nf6 6. O-O a6 7. a4 Qc7 8. d3 Be7 9. Bf4 d6 10. Nxd4 cxd4 11. Ne2 Nxe4 12. dxe4 Qxc4 13. b3 Qc5 14. Bg3 e5 15. Kh1 Qc6 16. Qd3 f5 17. f3 O-O 18. Bf2 fxe4 19. fxe4 Be6 20. Ng3 Rac8 21. Rac1 Bg5 22. Nf5 Bxf5 23. exf5 Bxc1 24. Rxc1 g6 25. fxg6 Rxf2 26. gxh7+ Kh8 27. Qg6 Qxc2 0-1


[Site "https://www.chess.com"]

[Event "Titled Tuesday Blitz October 31 Early 2023"]
[White "Ahmad, Khagan"]
[Black "Baskakov, Egor"]
[WhiteFideId "13431552"]
[BlackFideId "24197866"]
[WhiteElo "2616"]
[BlackElo "2918"]
[Result "1/2-1/2"]
[Round "6"]
[TimeControl "180+1"]
[Date "2023.10.31"]
[WhiteClock "0:00:19"]
[BlackClock "0:01:04"]
[Board "43"]

1. Nf3 Nf6 2. c4 e6 3. d4 d5 4. g3 Ne4 5. Bg2 Be7 6. O-O O-O 7. b3 f5 8. Nfd2 Bf6 9. Bb2 c5 10. e3 Nc6 11. cxd5 exd5 12. Nf3 Qe7 13. Nc3 Be6 14. Rc1 cxd4 15. Nxe4 dxe4 16. Nxd4 Ne5 17. Nxe6 Qxe6 18. Bxe5 Bxe5 19. Qe2 a6 20. Rfd1 Rac8 21. Bf1 g6 22. Qd2 Qe7 23. Rxc8 Rxc8 24. Bc4+ Kg7 25. Qd7 Rc7 26. Qd5 b5 27. Qg8+ Kh6 28. Be6 Qg7 29. Qd8 Qe7 30. Qg8 Qg7 31. Qxg7+ Bxg7 32. a4 Rc6 33. Bd7 Rc5 34. axb5 axb5 35. b4 Rc4 36. Rb1 Bf8 37. Bxb5 Rxb4 38. Rxb4 Bxb4 39. Kg2 Kg7 40. h3 h6 41. g4 Kf6 42. Bc6 Ke5 43. Kg3 Be1 44. Be8 Kf6 45. Bc6 Ba5 46. Bd7 Bc7+ 47. Kg2 Kg5 48. gxf5 gxf5 49. h4+ Kf6 50. h5 Kg5 51. Be8 Kf6 52. Bg6 Ke5 53. f3 Bb6 54. fxe4 fxe4 55. Kf2 Bd8 56. Ke2 Bg5 57. Kd2 Bd8 58. Ke2 Ba5 59. Kf2 Bb4 60. Ke2 Bc5 61. Kf2 Bd6 62. Ke2 Be7 63. Kf2 Bf6 64. Ke2 Bg5 65. Kf2 Be7 66. Kg3 Bg5 67. Kf2 Be7 68. Kg3 Bb4 69. Kg2 Ba3 70. Kf2 Bb2 71. Ke2 Bc1 72. Kd1 Bxe3 73. Ke2 Bg5 74. Bxe4 Kxe4 75. Kf1 Be3 76. Kg2 Kf4 77. Kh1 Kg4 78. Kg2 Kxh5 79. Kh1 Kg4 80. Kg2 Bf4 81. Kh1 Kh3 82. Kg1 Bg3 83. Kh1 Kg4 84. Kg1 h5 85. Kh1 Bf2 86. Kg2 Bd4 87. Kh1 1/2-1/2


[Site "https://www.chess.com"]

[Event "Titled Tuesday Blitz October 31 Early 2023"]
[White "Xu, Xiangyu"]
[Black "Ginzburg, Yakov"]
[WhiteFideId "8608288"]
[BlackFideId "4157176"]
[WhiteElo "2910"]
[BlackElo "2613"]
[Result "1-0"]
[Round "6"]
[TimeControl "180+1"]
[Date "2023.10.31"]
[WhiteClock "0:01:47"]
[BlackClock "0:00:01"]
[Board "44"]

1. d4 d5 2. c4 c6 3. Nf3 Nf6 4. Nc3 dxc4 5. a4 Bf5 6. Nh4 Bc8 7. e3 e6 8. Bxc4 Bb4 9. O-O O-O 10. Nf3 Nbd7 11. Qe2 c5 12. Na2 Ba5 13. dxc5 Bc7 14. b4 a5 15. Ba3 axb4 16. Bxb4 Re8 17. Rfd1 Rxa4 18. Bb5 Ra7 19. Nc3 Rxa1 20. Rxa1 Qe7 21. Qc4 Nd5 22. Nxd5 exd5 23. Qd4 Qe4 24. Qxe4 dxe4 25. Nd4 Rd8 26. c6 Ne5 27. Be7 Rd5 28. Ra8 h6 29. Rxc8+ Kh7 30. cxb7 1-0


[Site "https://www.chess.com"]

[Event "Titled Tuesday Blitz October 31 Early 2023"]
[White "Bodnaruk, Anastasia"]
[Black "Llorente Zaro, Alfonso"]
[WhiteFideId "4181751"]
[BlackFideId "2254131"]
[WhiteElo "2610"]
[BlackElo "2774"]
[Result "1-0"]
[Round "6"]
[TimeControl "180+1"]
[Date "2023.10.31"]
[WhiteClock "0:00:19"]
[BlackClock "0:00:03"]
[Board "45"]

1. e4 c6 2. d4 d5 3. e5 Bf5 4. Nf3 e6 5. Be2 a6 6. O-O c5 7. c4 dxc4 8. Bxc4 Ne7 9. Bg5 Nbc6 10. dxc5 Qxd1 11. Rxd1 Ng6 12. Be3 Ngxe5 13. Nxe5 Nxe5 14. Na3 Rc8 15. b4 Be7 16. f4 Nc6 17. b5 axb5 18. Bxb5 O-O 19. Nc4 Na7 20. Bd7 Rc7 21. c6 Nc8 22. Na5 bxc6 23. Nxc6 Bf6 24. Rac1 Kh8 25. a4 Bb2 26. Rc4 Ne7 27. a5 Nxc6 28. Rxc6 Rxc6 29. Bxc6 Rc8 30. a6 g6 31. a7 1-0


[Site "https://www.chess.com"]

[Event "Titled Tuesday Blitz October 31 Early 2023"]
[White "NelsonLinda"]
[Black "Liyanage, Ranindu Dilshan"]
[BlackFideId "9915834"]
[WhiteElo "2607"]
[BlackElo "2766"]
[Result "1-0"]
[Round "6"]
[TimeControl "180+1"]
[Date "2023.10.31"]
[WhiteClock "0:00:03"]
[BlackClock "0:00:01"]
[Board "46"]

1. Nf3 d5 2. b3 Nf6 3. Bb2 e6 4. g3 Bd6 5. Bg2 O-O 6. O-O Nc6 7. d3 e5 8. Nbd2 Re8 9. e4 dxe4 10. dxe4 Be6 11. Ne1 Bb4 12. Nd3 Bd6 13. Qe2 h6 14. Nf3 Bg4 15. h3 Bh5 16. Qe3 Bg6 17. Nh4 Bh7 18. Rad1 Qc8 19. a3 Nd4 20. Rd2 a5 21. Re1 c5 22. a4 c4 23. Nxe5 Bxe5 24. Bxd4 Qc6 25. f4 Bxd4 26. Rxd4 cxb3 27. cxb3 Qb6 28. e5 Nh5 29. Kh2 g6 30. Rd7 Qxe3 31. Rxe3 Rac8 32. Bd5 Rc2+ 33. Ng2 Rf8 34. Rxb7 g5 35. fxg5 hxg5 36. Rf3 Rd8 37. e6 fxe6 38. Bxe6+ Kh8 39. Rxh7+ Kxh7 40. Bf5+ Kh6 41. Bxc2 Rd2 42. Bf5 Nf6 43. Rd3 Rf2 44. g4 Kg7 45. Kg3 Rb2 46. Nh4 gxh4+ 47. Kxh4 Ne8 48. Kg5 Kf8 49. Bg6 Ng7 50. Kf6 Rf2+ 51. Bf5 Ne8+ 52. Ke6 Re2+ 53. Kd7 Nf6+ 54. Kc6 Re5 55. Rd8+ Ke7 56. Rd3 Ne8 57. h4 Nf6 58. h5 Re1 59. h6 Rh1 60. h7 Ke8 61. Re3+ Kf8 62. g5 Nxh7 63. Bxh7 Rxh7 64. Rg3 Kg7 65. Kb5 Rh3 66. Rxh3 1-0


[Site "https://www.chess.com"]

[Event "Titled Tuesday Blitz October 31 Early 2023"]
[White "Mndapoetzz04"]
[Black "Mekhitarian, Krikor Sevag"]
[BlackFideId "2107660"]
[WhiteElo "2605"]
[BlackElo "2762"]
[Result "1-0"]
[Round "6"]
[TimeControl "180+1"]
[Date "2023.10.31"]
[WhiteClock "0:00:17"]
[BlackClock "0:00:03"]
[Board "47"]

1. d4 Nf6 2. Bf4 g6 3. e3 Bg7 4. Nf3 c5 5. h3 O-O 6. c3 d6 7. Be2 Qb6 8. Qb3 Be6 9. Qxb6 axb6 10. a3 Bd7 11. O-O cxd4 12. exd4 b5 13. Nbd2 Na6 14. Rfe1 Nc7 15. Bd3 Rfe8 16. Re2 Nfd5 17. Bh2 Ne6 18. Ree1 Bc6 19. Rad1 Nb6 20. Bc2 Nc7 21. Bb3 Bd5 22. Ng5 Bxb3 23. Nxb3 Nc4 24. Re2 Nd5 25. Nf3 Ndb6 26. Bf4 h6 27. Bc1 g5 28. d5 Rac8 29. Nbd4 Nxd5 30. Nxb5 Ndb6 31. b3 Na5 32. Be3 Nd7 33. Nfd4 d5 34. Nf5 e6 35. Nxg7 Kxg7 36. Nd6 Nxb3 37. Nxe8+ Rxe8 38. c4 Nf6 39. cxd5 Nxd5 40. Rb2 Na5 41. Rb5 Ra8 42. Bd4+ Kg6 43. Rc1 Nc6 44. Bb2 Ra7 45. g3 h5 46. Kg2 g4 47. hxg4 hxg4 48. Rd1 b6 49. Rh1 Na5 50. Rh8 f5 51. Rg8+ Kh7 52. Rh8+ Kg6 53. Bc1 Nc4 54. Rh6+ Kg7 55. Rxe6 Rd7 56. a4 Kf7 57. Rh6 Kg7 58. Rc6 Ne5 59. Bb2 Ne3+ 60. fxe3 Rd2+ 61. Kf1 1-0


[Site "https://www.chess.com"]

[Event "Titled Tuesday Blitz October 31 Early 2023"]
[White "Korchmar, Vasiliy"]
[Black "FoxOnTheRun97"]
[WhiteFideId "24131750"]
[WhiteElo "2757"]
[BlackElo "2602"]
[Result "0-1"]
[Round "6"]
[TimeControl "180+1"]
[Date "2023.10.31"]
[WhiteClock "0:00:33"]
[BlackClock "0:00:10"]
[Board "48"]

1. e4 c6 2. d4 d5 3. exd5 cxd5 4. Bd3 Nc6 5. c3 g6 6. h3 Bf5 7. Bf4 Bxd3 8. Qxd3 Bg7 9. Nf3 Nf6 10. O-O O-O 11. Nbd2 a6 12. Rfe1 e6 13. Nb3 Na5 14. Ne5 Nxb3 15. axb3 Ne4 16. f3 Nd6 17. Qe2 Rc8 18. Nd3 Nf5 19. Nc5 Nxd4 20. cxd4 Bxd4+ 21. Kh1 Rxc5 22. b4 Rc4 23. b5 axb5 24. Red1 Bg7 25. Be5 Bxe5 26. Qxe5 Qc7 27. Qf6 Qf4 28. Qe7 Rc7 29. Qa3 Rfc8 30. Qa5 Rc1 31. Qxb5 Rxa1 32. Rxa1 Rc1+ 33. Rxc1 Qxc1+ 34. Kh2 Qc6 35. Qb4 e5 36. Qe7 e4 37. f4 Qe6 38. Qg5 e3 39. f5 Qe5+ 40. g3 e2 41. Qd8+ Kg7 0-1


[Site "https://www.chess.com"]

[Event "Titled Tuesday Blitz October 31 Early 2023"]
[White "NovozhilovSemen"]
[Black "StiffMaster1"]
[WhiteElo "2732"]
[BlackElo "2593"]
[Result "1-0"]
[Round "6"]
[TimeControl "180+1"]
[Date "2023.10.31"]
[WhiteClock "0:01:17"]
[BlackClock "0:00:01"]
[Board "49"]

1. d4 Nf6 2. Nf3 g6 3. Nc3 d5 4. Bf4 Bg7 5. Nb5 Na6 6. e3 O-O 7. Be2 Bf5 8. Ne5 c5 9. O-O Nd7 10. c4 cxd4 11. exd4 Nxe5 12. dxe5 dxc4 13. Bxc4 Nc5 14. Be3 Nd3 15. Qb3 Nxe5 16. Bd5 Nc6 17. Rfd1 Qa5 18. Rac1 Rfc8 19. Bxf7+ Kh8 20. Bd5 a6 21. Na3 Rab8 22. Bb6 Qb4 23. Rxc6 bxc6 24. Qxb4 cxd5 25. Qa5 Bxb2 26. h3 Rxb6 27. Qxb6 Bxa3 28. Qxa6 Bd6 29. g4 Bd7 30. a4 Rc6 31. Qa8+ Kg7 32. a5 Rc4 33. Qxd5 Ra4 34. Qb7 1-0


[Site "https://www.chess.com"]

[Event "Titled Tuesday Blitz October 31 Early 2023"]
[White "Karthik Rajaa"]
[Black "Hoang, Thi Bao Tram"]
[WhiteFideId "25035215"]
[BlackFideId "12401102"]
[WhiteElo "2727"]
[BlackElo "2591"]
[Result "1-0"]
[Round "6"]
[TimeControl "180+1"]
[Date "2023.10.31"]
[WhiteClock "0:00:15"]
[BlackClock "0:00:10"]
[Board "50"]

1. Nf3 Nf6 2. c4 g6 3. Nc3 Bg7 4. g3 O-O 5. Bg2 d6 6. d4 Nc6 7. d5 Na5 8. b3 c5 9. Bb2 a6 10. O-O Bd7 11. Nd2 b5 12. Rb1 Rb8 13. Qc2 b4 14. Nd1 Nb7 15. e4 Qc8 16. Ne3 a5 17. e5 Ne8 18. f4 a4 19. Nf3 Ra8 20. e6 fxe6 21. dxe6 Bxe6 22. Ng5 Bd7 23. Nd5 Qd8 24. Rfe1 e5 25. h4 Bf5 26. Be4 Bxe4 27. Qxe4 axb3 28. axb3 Qd7 29. fxe5 dxe5 30. Bxe5 Ned6 31. Qd3 Rae8 32. Bxg7 Qxg7 33. Ne6 Rxe6 34. Rxe6 Nf5 35. Rf1 Nd8 36. Ree1 Nc6 37. Qe4 Ncd4 38. g4 Nxh4 39. Rxf8+ Qxf8 40. Rf1 Nhf3+ 41. Kg2 Qa8 42. Nf6+ Kg7 43. Qxa8 Kxf6 44. Rxf3+ 1-0


[Site "https://www.chess.com"]

[Event "Titled Tuesday Blitz October 31 Early 2023"]
[White "Omelja, Artem"]
[Black "Kosteniuk, Alexandra"]
[WhiteFideId "14119846"]
[BlackFideId "4128125"]
[WhiteElo "2583"]
[BlackElo "2723"]
[Result "0-1"]
[Round "6"]
[TimeControl "180+1"]
[Date "2023.10.31"]
[WhiteClock "0:00:01"]
[BlackClock "0:01:00"]
[Board "51"]

1. e4 c6 2. Ne2 d5 3. e5 c5 4. d4 Nc6 5. dxc5 Nxe5 6. Nd4 Nf6 7. b4 g6 8. c3 Bg7 9. Bf4 Nc4 10. Nb5 O-O 11. Bxc4 dxc4 12. Qxd8 Rxd8 13. Nc7 Rb8 14. Nb5 Ra8 15. Nc7 Nh5 16. Nxa8 Nxf4 17. Nc7 Nxg2+ 18. Ke2 Bg4+ 19. f3 Bf5 20. Rd1 Bd3+ 21. Kf2 Nf4 22. Na3 Bxc3 23. Rac1 Bd4+ 24. Ke1 Ng2+ 25. Kd2 Bb2 26. Nab5 Bxc1+ 27. Kxc1 Rd7 28. Na8 Ne3 29. Rd2 Nd5 30. a3 a6 31. Nd4 e5 32. Ne2 f5 33. Kb2 e4 34. fxe4 fxe4 35. Nc3 e3 36. Rg2 Nf4 37. Rg1 e2 38. Nb6 Re7 39. Nbd5 Nxd5 40. Nxd5 e1=Q 41. Rxe1 Rxe1 42. Kc3 Kf7 43. a4 Rb1 44. Nc7 Rb3+ 45. Kd4 Rxb4 46. a5 Rb2 47. Kc3 Rxh2 48. c6 bxc6 49. Nxa6 Ra2 50. Kb4 c3 51. Nc5 Bb5 52. Kxc3 Rxa5 0-1


[Site "https://www.chess.com"]

[Event "Titled Tuesday Blitz October 31 Early 2023"]
[White "Maximov, Dmitry"]
[Black "brm72"]
[WhiteFideId "14105659"]
[WhiteElo "2723"]
[BlackElo "2582"]
[Result "1-0"]
[Round "6"]
[TimeControl "180+1"]
[Date "2023.10.31"]
[WhiteClock "0:00:07"]
[BlackClock "0:00:00"]
[Board "52"]

1. e4 c5 2. Nf3 d6 3. c3 Nf6 4. Bc4 e6 5. Bd3 e5 6. h3 g6 7. Bc2 Bg7 8. d4 cxd4 9. cxd4 exd4 10. O-O O-O 11. Nxd4 Nc6 12. Be3 d5 13. Nxc6 bxc6 14. Bc5 Re8 15. Nc3 Qc7 16. Rc1 Ba6 17. Re1 Rad8 18. exd5 cxd5 19. Rxe8+ Rxe8 20. Bd4 Bb7 21. Ba4 Rd8 22. Qd2 Qa5 23. f3 Nh5 24. Re1 Qc7 25. Ne2 Qd6 26. a3 Ba6 27. Bxg7 Nxg7 28. Nd4 h5 29. Bc2 Qg3 30. Re7 Bc8 31. Qf2 Qf4 32. Qe3 Qg3 33. Qe5 Qxe5 34. Rxe5 Be6 35. Kf2 Rc8 36. Ke3 Rb8 37. b4 Rc8 38. Bb3 Rc3+ 39. Kd2 Rc7 40. g4 hxg4 41. hxg4 Kf8 42. Re1 a6 43. Rh1 Ke7 44. Rh8 Ne8 45. Kd3 Nd6 46. Ra8 Nc4 47. Bxc4 dxc4+ 48. Kc3 Bd5 49. Rxa6 Rc8 50. b5 Rh8 51. Ra7+ Kf6 52. Rd7 Ba8 53. b6 Rb8 54. Ra7 Bd5 55. Ra6 Ke5 56. a4 f5 57. gxf5 gxf5 58. a5 Kd6 59. Ra7 Kc5 60. Rc7+ Kd6 61. Nxf5+ Ke5 62. Nd4 Kf4 63. Rd7 Bxf3 64. Rf7+ Ke4 65. Rxf3 Kd5 66. Rf5+ Kd6 67. Rb5 Ra8 68. Kxc4 1-0


[Site "https://www.chess.com"]

[Event "Titled Tuesday Blitz October 31 Early 2023"]
[White "Jaskolka, Tomasz"]
[Black "Halkias, Stelios"]
[WhiteFideId "1170791"]
[BlackFideId "4201809"]
[WhiteElo "2581"]
[BlackElo "2723"]
[Result "1/2-1/2"]
[Round "6"]
[TimeControl "180+1"]
[Date "2023.10.31"]
[WhiteClock "0:00:04"]
[BlackClock "0:00:06"]
[Board "53"]

1. d4 Nf6 2. Nc3 d5 3. Bf4 c5 4. e4 Nxe4 5. Nxe4 dxe4 6. dxc5 Qa5+ 7. c3 Qxc5 8. Qa4+ Nc6 9. Qxe4 Bf5 10. Qa4 a6 11. Be3 Qa5 12. Qxa5 Nxa5 13. Nf3 Nc6 14. Bc4 e6 15. O-O Be7 16. Rad1 Bg4 17. Be2 Rd8 18. Rxd8+ Kxd8 19. Bb6+ Kc8 20. Rd1 Bd8 21. Bxd8 Rxd8 22. Rxd8+ Kxd8 23. h3 Bh5 24. Kf1 f6 25. Ke1 Ke7 26. Kd2 Bf7 27. b4 e5 28. a4 Bd5 29. a5 f5 30. g3 h6 31. h4 g6 32. Ke3 Kf6 33. Nd2 g5 34. hxg5+ hxg5 35. f4 exf4+ 36. gxf4 g4 37. Nf1 Be6 38. Ng3 Bd7 39. Bd3 Be6 40. Ne2 Bf7 41. Ng3 Be6 42. Ne2 Ne7 43. Kd4 Nd5 44. Bc4 Nc7 45. Bxe6 Nxe6+ 46. Kd5 g3 47. Nxg3 Nxf4+ 48. Kd6 Ne6 49. c4 f4 50. Ne4+ Kf5 51. Nf2 Ng5 52. Kc7 Ne4 53. Nd3 f3 54. Kxb7 Nd6+ 55. Kxa6 Nxc4 56. Kb7 Ke4 57. Nf2+ Ke3 58. Nh3 Nd6+ 59. Kc6 Ne4 60. a6 Ng5 61. a7 Nxh3 62. a8=Q f2 63. Qa7+ Ke2 64. Qa6+ Ke1 65. Qa1+ Ke2 66. Qb2+ Kf3 67. Qc3+ Kg2 68. Qg7+ Kf3 69. Qf6+ Nf4 70. Qa1 Kg2 71. b5 Ne6 72. b6 f1=Q 73. Qxf1+ Kxf1 74. Kd6 Nd8 75. Kc7 Ne6+ 76. Kc6 Nd8+ 77. Kd7 Nb7 78. Kc7 Na5 79. b7 Nxb7 1/2-1/2


[Site "https://www.chess.com"]